 Dungeon Crawl Stone Soup version 0.28-a0-1117-g0bdd5ba030 (webtiles) character file.

Game seed: 1131948421343726193

17637 avis the Brawler (level 12, -4/106 HPs)
             Began as a Hill Orc Monk on Dec 12, 2021.
             Was an Elder of Beogh.
             Killed from afar by a rime drake (26 damage)
             ... with a flash freeze
             ... on level 4 of the Lair of Beasts.
             The game lasted 01:40:11 (17879 turns).

avis the Brawler (Hill Orc Monk)                   Turns: 17879, Time: 01:40:12

Health: -4/106     AC: 11    Str: 21    XL:     12   Next: 50%
Magic:  16/16      EV: 13    Int: 14    God:    Beogh [****..]
Gold:   670        SH:  0    Dex: 13    Spells: 12/17 levels left

rFire   . . .      SeeInvis .     - Unarmed
rCold   . . .      Faith    +   (no shield)
rNeg    . . .      Spirit   .   o - +1 steam dragon scales
rPois   .          Reflect  .   p - +1 helmet
rElec   .          Harm     .   (no cloak)
rCorr   .          Rampage  .   m - +0 pair of gloves
Will    .....                   z - +0 pair of boots
Stlth   ++........              O - amulet of faith
HPRegen 0.27/turn               L - +6 ring of strength
MPRegen 0.15/turn               N - +4 ring of slaying

@: no status effects
A: no striking features
a: Renounce Religion, Smiting, Recall Orcish Followers


You were on level 4 of the Lair of Beasts.
You worshipped Beogh.
Beogh was greatly pleased with you.
You visited 3 branches of the dungeon, and saw 15 of its levels.
You also visited: Ossuary.

You collected 670 gold pieces.

Inventory:

Hand Weapons
 e - a +0 trident
 g - a +2 trident of flaming
 A - the +7 falchion of Vyif {flame, rF+ Str+5}
   (You found it on level 8 of the Dungeon)

   It burns those it strikes, dealing additional fire damage.
   Big, fiery blades are also staple armaments of hydra-hunters.
   Str:       It affects your strength (+5).
   rF:        It protects you from fire.
 P - a +0 spear
Armour
 m - a +0 pair of gloves (worn)
 o - +1 steam dragon scales (worn)
 p - a +1 helmet (worn)
 z - a +0 pair of boots (worn)
Jewellery
 s - a ring of flight
 F - a ring of protection from fire
 K - a ring of wizardry
 L - a +6 ring of strength (left hand)
 N - a +4 ring of slaying (right hand)
 O - an amulet of faith (around neck)
Wands
 f - a wand of polymorph (5)
 h - a wand of iceblast (2)
 i - a wand of digging (8)
 u - a wand of charming (4)
 C - a wand of flame (5)
Scrolls
 b - a scroll of acquirement {unknown}
 c - a scroll of holy word {unknown}
 d - 3 scrolls of teleportation
 k - a scroll of fear {unknown}
 q - a scroll of vulnerability {unknown}
 y - a scroll of summoning
 B - 2 scrolls of fog {unknown}
Potions
 a - a potion of brilliance
 j - a potion of invisibility
 r - 2 potions of haste
 v - 2 potions of cancellation
 w - a potion of curing
 D - 4 potions of resistance
 G - 2 potions of flight
 I - a potion of lignification
 J - 2 potions of might
 M - 3 potions of magic


   Skills:
 * Level 9.8 Fighting
 - Level 5.0 Armour
 - Level 5.0 Dodging
 - Level 1.5 Stealth
 + Level 17.0 Unarmed Combat
 - Level 3.0 Spellcasting
 - Level 3.0 Transmutations
 - Level 2.0 Poison Magic
 - Level 5.0 Invocations


You had 12 spell levels left.
You knew the following spells:

 Your Spells              Type           Power      Damage    Failure   Level
a - Passwall              Tmut/Erth      5%         N/A       17%         2
p - Spider Form           Tmut/Pois      9%         N/A       22%         3

Your spell library contained the following spells:

 Spells                   Type           Power      Damage    Failure   Level
 Pain                     Necr           8%         1d4       22%         1
 Ensorcelled Hibernation  Hex/Ice        4%         N/A       32%         2
 Dazzling Flash           Conj/Hex       4%         N/A       54%         3
 Swiftness                Air            2%         N/A       54%         3
 Fulminant Prism          Conj/Hex       1%         3d6       91%         4
 Iskenderun's Mystic Bla  Conj/Tloc      2%         2d3       91%         4
 Agony                    Necr           2%         N/A       99%         5
 Excruciating Wounds      Necr           1%         N/A       99%         5
 Iskenderun's Battlesphe  Conj           2%         2d6       99%         5
 Lee's Rapid Deconstruct  Erth           1%         3d5*      99%         5
 Iron Shot                Conj/Erth      1%         9d1       100%        6
 Starburst                Conj/Fire      1%         6d3       100%        6
 Spellforged Servitor     Conj/Summ      1%         N/A       100%        7


Dungeon Overview and Level Annotations

Branches:
Dungeon (10/15)            Temple (1/1) D:5            Lair (4/6) D:8
 Shoals (0/4) Lair:3       Spider (0/4) Lair:2      Ossuary (visited)
    Orc: D:9-12

Altars:
Ashenzari
Cheibriados
Dithmenos
Gozag
Makhleb
Okawaru
Wu Jian
Zin
Jiyva

Shops:
D:3 ([[[   D:5 !   D:10 (

Annotations:
D:5 3 runed translucent doors, RepHenryClay's ghost, amateur DECj
Lair:1 3 runed translucent doors, fragbeetle's ghost, journeyman DrTm


Message History

Boldo hits the hell rat with a +1 short sword!!
The hell rat dies!
Beogh accepts your kill.
The wyvern barely misses your orc high priest.
Your orc high priest hits the wyvern with a +0 hand axe. x2
You hear an angry hiss. x2
You feel much better.
The wyvern bites your orc high priest but does no damage.
The wyvern bites your orc high priest.
Your ice devil hits the wyvern!
Your ice devil freezes the wyvern!!
The wyvern dies!
Beogh accepts your kill.
Boldo hits the wyvern with a +1 short sword!!
Your orc high priest hits the wyvern with a +0 hand axe!
The wyvern dies!
Beogh accepts your kill.
You swap places.
A basilisk comes into view.
The hell rat bites you!
* * * LOW HITPOINT WARNING * * *
Your orc high priest calls down the wrath of Beogh upon the hell rat.
The hell rat is smitten.
The basilisk moves out of view.
You hear a deafening roar!
You hear an angry hiss.
Things that are here:
a wyvern corpse; a wyvern corpse You hit the hell rat.
You kill the hell rat!
Beogh accepts your kill.
You hear an angry hiss.
You pummel the hell rat!!
You kill the hell rat!
Beogh accepts your kill.
Your orc high priest no longer looks unusually strong.
You punch the rime drake!
The rime drake is moderately wounded.
You hit the rime drake.
The rime drake is moderately wounded.
The rime drake breathes ice at you. The flash freeze hits you!!
You die...

.#..... ....... ......## ####
. #P..... ..... #. #.#..##.$.
.P#. #.##.....l. .....
#...#..ok# ..... #......4@#
...... ..## ##
#......†o#######......
..P.##.##..P......##..^#......
........................#.....
............................#.
...(..........................
..............................
..............................
...............#.P............


You could see a basilisk, a rime drake (catching breath, ally target), the
friendly Boldo the orc knight, a friendly orc high priest and a friendly ice
devil (summoned).

Vanquished Creatures
  Gastronok (D:8)
  A two-headed ogre (D:10)
  2 elephants (Lair:2)
  A black mamba (Lair:3)
  7 cane toads
  A rime drake (Lair:4)
  A komodo dragon (Lair:3)
  Maggie (D:7)
  A hornet (D:8)
  A polar bear (Lair:1)
  Sigmund (D:5)
  10 yaks
  8 wyverns
  A basilisk (Lair:3)
  Grum (Lair:1)
  An acid dragon (D:8)
  3 water moccasins
  2 orc warriors
  A hornet zombie (D:8)
  A black bear (D:5)
  2 necrophages (D:5)
  2 wolves (Lair:1)
  An ogre (D:4)
  7 centaurs
  A phantom (D:3)
  A kobold brigand (D:8)
  An elf zombie (Ossuary)
  4 bullfrogs
  3 scorpions
  13 killer bees
  3 howler monkeys
  5 wights (D:9)
  An electric eel (Lair:2)
  A bullfrog zombie (D:5)
  6 centaur zombies
  An orc priest (D:9)
  2 jellies (D:7)
  9 hounds
  2 iguanas
  2 orc wizards
  9 hell rats
  2 mummies (Ossuary)
  A howler monkey skeleton (D:5)
  5 adders
  2 shadow imps
  A white imp (D:6)
  2 ufetubi
  2 adder zombies (Ossuary)
  An adder skeleton (D:5)
  3 worms
  5 dart slugs
  18 orcs
  8 bats
  6 endoplasms
  3 giant cockroaches
  5 goblins
  7 hobgoblins
  2 jackals (D:3)
  4 quokkas
  8 ball pythons
  2 frilled lizards
  2 goblin zombies (Ossuary)
  8 hobgoblin zombies (Ossuary)
  A jackal zombie (Ossuary)
  7 kobolds
  11 kobold zombies (Ossuary)
  7 orc zombies (Ossuary)
  3 rats
  A rat zombie (Ossuary)
249 creatures vanquished.

Vanquished Creatures (collateral kills)
  A hydra (Lair:3)
  A black mamba (Lair:1)
  An elephant (Lair:2)
  2 cane toads (Lair:3)
  3 komodo dragons
  3 polar bears (Lair:1)
  A snapping turtle (Lair:3)
  5 wyverns
  6 yaks
  3 basilisks
  2 steam dragons
  2 water moccasins (Lair:1)
  8 wolves
  3 bullfrogs (Lair:3)
  A gnoll sergeant (D:8)
  An electric eel (D:8)
  An orc wizard (D:8)
  6 hell rats
  5 orcs
55 creatures vanquished.

Vanquished Creatures (others)
  An orc warrior (Lair:3)
  An orc priest (D:3)
  An orc wizard (D:6)
  A worm (D:3)
  11 orcs
  21 fungi
  24 plants
60 creatures vanquished.

Grand Total: 364 creatures vanquished

Notes
Turn   | Place    | Note
-------+----------+-------------------------------------------
     0 | D:1      | avis the Hill Orc Monk began the quest for the Orb.
     0 | D:1      | Reached XP level 1. HP: 19/19 MP: 1/1
   188 | D:1      | Reached XP level 2. HP: 24/27 MP: 2/2
   332 | D:1      | Reached skill level 4 in Unarmed Combat
   514 | D:1      | Found a faded altar of an unknown god.
   670 | D:1      | Reached XP level 3. HP: 30/33 MP: 3/3
  1368 | D:2      | Reached XP level 4. HP: 38/41 MP: 4/4
  1781 | D:3      | Became a worshipper of Beogh the Brigand
  1781 | D:3      | Reached * piety under Beogh
  1781 | D:3      | Reached ** piety under Beogh
  1922 | D:3      | Found Xoff's Armour Emporium.
  2004 | D:3      | Found Kimannus's Antique Armour Boutique.
  2079 | D:3      | Found Nizuly's Weapon Shop.
  2147 | D:3      | Found Isoli's Antique Armour Shoppe.
  2229 | D:3      | Found a burning altar of Makhleb.
  2270 | D:3      | Found a glowing silver altar of Zin.
  2417 | D:3      | Found an opulent altar of Gozag.
  2418 | D:3      | Found an ornate altar of the Wu Jian Council.
  2549 | D:3      | Reached skill level 5 in Unarmed Combat
  2713 | D:4      | Reached XP level 5. HP: 47/47 MP: 5/5
  2993 | D:4      | Reached skill level 5 in Fighting
  2998 | D:4      | Reached skill level 1 in Invocations
  3020 | D:4      | Identified the +0 leather armour "Imaab" {SInv}
  3055 | D:4      | Reached skill level 6 in Unarmed Combat
  3055 | D:4      | Reached XP level 6. HP: 51/56 MP: 5/7
  3500 | D:5      | Entered Level 5 of the Dungeon
  3500 | D:5      | Found a runed translucent gate.
  3500 | D:5      | Found a runed translucent gate.
  3500 | D:5      | Found a runed translucent gate.
  3500 | D:5      | Found a staircase to the Ecumenical Temple.
  3565 | D:5      | Noticed a necrophage
  3590 | D:5      | Killed a necrophage
  3591 | D:5      | Reached skill level 7 in Unarmed Combat
  3744 | D:5      | Noticed RepHenryClay's ghost (amateur DECj)
  3802 | D:5      | Found Zayfrij's Distillery.
  3856 | D:3      | HP: 2/55 [phantom (8)]
  3865 | D:3      | Reached XP level 7. HP: 11/61 MP: 9/9
  4634 | D:5      | Reached skill level 8 in Unarmed Combat
  4795 | D:5      | Reached *** piety under Beogh
  5073 | D:5      | Reached XP level 8. HP: 69/69 MP: 10/10
  5168 | D:5      | Noticed Sigmund
  5180 | D:5      | Killed Sigmund
  5181 | D:5      | Reached skill level 9 in Unarmed Combat
  5558 | Temple   | Entered the Ecumenical Temple
  5741 | D:6      | Found a broken altar of Ashenzari.
  6130 | D:6      | Reached skill level 10 in Unarmed Combat
  6144 | D:6      | Found an iron altar of Okawaru.
  6884 | D:7      | Noticed Maggie
  6906 | D:7      | Killed Maggie
  7116 | D:7      | Reached skill level 5 in Invocations
  7116 | D:7      | Reached XP level 9. HP: 70/75 MP: 12/12
  7124 | D:7      | Reached skill level 11 in Unarmed Combat
  7344 | D:6      | Learned a level 2 spell: Passwall
  7408 | D:7      | Found a shadowy altar of Dithmenos.
  8143 | D:8      | Noticed Gastronok
  8156 | D:8      | Killed Gastronok
  8157 | D:8      | Reached skill level 13 in Unarmed Combat
  8164 | D:8      | Found a sand-covered staircase.
  8183 | D:8      | Reached XP level 10. HP: 13/86 MP: 4/13
  8198 | Ossuary  | Entered an ossuary
  8840 | Ossuary  | Reached skill level 1 in Transmutations
  9076 | D:8      | Reached skill level 14 in Unarmed Combat
  9076 | D:8      | Reached skill level 1 in Spellcasting
  9152 | D:8      | Found a snail-covered altar of Cheibriados.
  9240 | D:8      | Identified the +7 falchion of Vyif {flame, rF+ Str+5}
  9555 | D:8      | Found a staircase to the Lair.
  9793 | Lair:1   | Entered Level 1 of the Lair of Beasts
  9828 | Lair:1   | Noticed a black mamba
  9834 | Lair:1   | Killed a black mamba
 10219 | Lair:1   | Noticed Grum
 10227 | Lair:1   | Killed Grum
 10412 | Lair:1   | Reached **** piety under Beogh
 10563 | Lair:1   | Noticed a cane toad
 10570 | Lair:1   | Killed a cane toad
 10571 | Lair:1   | Reached XP level 11. HP: 81/92 MP: 14/14
 10572 | Lair:1   | Found a runed translucent gate.
 10646 | Lair:1   | Found a runed translucent gate.
 10646 | Lair:1   | Found a runed translucent gate.
 10903 | Lair:1   | Reached skill level 5 in Dodging
 10993 | Lair:1   | Learned a level 3 spell: Spider Form
 11022 | Lair:1   | Noticed a glowing orange brain
 11022 | Lair:1   | Noticed fragbeetle's ghost (journeyman DrTm)
 11065 | Lair:1   | Reached skill level 1 in Poison Magic
 11359 | Lair:1   | Found a viscous altar of Jiyva.
 11667 | Lair:2   | Gained Ogrik as an ally
 11829 | Lair:2   | Reached skill level 15 in Unarmed Combat
 12616 | Lair:2   | Found a hole to the Spider Nest.
 13720 | Lair:3   | Found a staircase to the Shoals.
 13817 | Lair:3   | Reached skill level 1 in Armour
 14028 | Lair:3   | Gained Boldo as an ally
 14505 | Lair:3   | Reached skill level 16 in Unarmed Combat
 14512 | Lair:3   | Reached skill level 5 in Armour
 14921 | Lair:3   | Noticed a four-headed hydra
 14929 | Lair:3   | Killed a one-headed hydra
 14930 | Lair:3   | Reached XP level 12. HP: 49/100 MP: 16/16
 16630 | D:10     | Entered Level 10 of the Dungeon
 16838 | D:10     | Noticed a two-headed ogre
 16846 | D:10     | Killed a two-headed ogre
 17006 | D:10     | Found Herphyrghu's Weapon Shop.
 17860 | Lair:4   | Reached skill level 17 in Unarmed Combat
 17879 | Lair:4   | Killed from afar by a rime drake

Illustrated notes

Levels and vault maps discovered:
D:1:      lightli_arrival_maybe_door_vault, layout_rooms,
          shapermc_ecumenical_altar_acropolis
D:2:      layout_rooms
D:3:      layout_rooms, gammafunk_temple_overflow_statue,
          lightli_temple_of_fire, zin_scriptorium, serial_rivers,
          chequers_serial_rivers_small_a, chequers_serial_rivers_micro_c,
          chequers_serial_rivers_marsh, chequers_serial_rivers_micro_e,
          chequers_serial_rivers_small_3, chequers_serial_rivers_small_b,
          serial_shops, shop, nicolae_shop_statue_plus,
          nicolae_shop_temple_entry_statues_fountains, shop, eino_tiny_chamber
D:4:      layout_gridville, serial_bayou_lake_a
D:5:      cheibrodos_quashed, layout_cave_pools,
          minmay_temple_entry_stoned_glass, serial_shops, shop,
          gammafunk_ghost_nasty_kobolds, minmay_misc_feat_pillars,
          kennysheep_generic_room_9, uniq_sigmund
D:6:      layout_gridville, mainiacjoe_overflow_concentric_impassable,
          kennysheep_little_box, serial_co_window_serial, co_window_paths_b,
          co_window_corner_a, co_window_paths_a, co_window_cross_1,
          co_window_corner_a, co_window_paths_b, co_window_paths_a,
          co_window_paths_a, co_window_paths_a, co_window_unsneaky_path_b,
          co_window_of_opportunity_c, co_window_cross_4, glass_columns_a,
          glass_columns_b, glass_columns_b
D:7:      layout_gridville, grunt_dithmenos_smoke_and_mirrors, uniq_maggie
D:8:      layout_rooms, mainiacjoe_overflow_chevrons, lair_entry_dummy,
          nicolae_ossuary_entry_ruins, chequers_decorated_corner,
          dk_noncrumbling_3, kennysheep_flooded_box, kennysheep_generic_room_14,
          uniq_gastronok
D:9:      layout_loops_ring, st_stairs_8
D:10:     layout_roguey, serial_shops, nicolae_shop_bloodbath_and_beyond
Temple:   jpeg_temple_clearing
Lair:1:   layout_regular_city, gammafunk_ghost_ooze, cheibrodos_lair_lostbears,
          grunt_megastairs_2, uniq_grum
Lair:2:   layout_hall_layers, spider_nest_entry_web_field, lemuel_fruit_fields,
          infiniplex_staircase_pool
Lair:3:   layout_roguey, minmay_shoals_entry_hut, st_stairs_13,
          beast_lair_carwin_4
Lair:4:   layout_gridlike, special_room [special_room_mythical_zoo]

Skill      XL: |  1  2  3  4  5  6  7  8  9 10 11 12 |
---------------+-------------------------------------+-----
Fighting       | 4 5 6 7 9 |  9.8
Unarmed Combat | 4 5 6 7 8 10 13 14 16 17 | 17.0
Invocations    | 1 3 5 |  5.0
Dodging        | 3 4 5 |  5.0
Transmutations | 2 3 |  3.0
Spellcasting   | 2 3 |  3.0
Poison Magic   | 2 |  2.0
Armour         | 5 |  5.0
Stealth        | |  1.5

Action                   |  1- 3 |  4- 6 |  7- 9 | 10-12 || total
-------------------------+-------+-------+-------+-------++-------
Melee: Unarmed           |   123 |   146 |   226 |   339 ||   834
       Punch             |     3 |     4 |     9 |    28 ||    44
       Falchion          |       |       |       |     2 ||     2
 Fire: Hunting sling     |       |       |     2 |       ||     2
Throw: Boomerang         |    13 |    66 |     4 |       ||    83
       Dart              |       |     8 |    27 |       ||    35
 Cast: Spider Form       |       |       |       |     1 ||     1
Invok: Convert to Beogh  |       |     1 |       |       ||     1
       Smiting           |       |       |     8 |     7 ||    15
       Recall Orcish Fol |       |       |       |    11 ||    11
       Stop Recall       |       |       |       |     3 ||     3
Evoke: Wand              |       |       |     1 |     1 ||     2
  Use: Potion            |       |     2 |     2 |     2 ||     6
       Scroll            |       |       |    12 |     7 ||    19
 Stab: Sleeping          |     3 |       |     2 |     3 ||     8
       Distracted        |     1 |       |     1 |     2 ||     4
Armor: Robe              |    20 |       |    20 |       ||    40
       Chain mail        |       |    44 |       |       ||    44
       Leather armour    |       |    19 |     2 |       ||    21
       Steam dragon scal |       |       |    32 |   115 ||   147
Dodge: Dodged            |    76 |    51 |   131 |   233 ||   491

Table legend: (Time is in decaauts)
 A = Elapsed time spent in this place.
 B = Non-inter-level travel time spent in this place.
 C = Inter-level travel time spent in this place.
 D = Time resting spent in this place.
 E = Time spent auto-exploring this place.
 F = Levels seen in this place.
 G = Mean time per level.
                   A        B        C        D        E       F      G
               +--------+--------+--------+--------+--------+-----+--------+
         Total |  17875 |  16206 |   1669 |   5870 |   6321 |  16 | 1117.2 |
       Dungeon |  11430 |  10275 |   1155 |   3061 |   4483 |  10 | 1143.0 |
        Temple |     52 |     47 |      5 |      0 |      0 |   1 |   52.0 |
          Lair |   5730 |   5222 |    508 |   2437 |   1838 |   4 | 1432.5 |
       Ossuary |    662 |    662 |      0 |    371 |      0 |   1 |  662.0 |
               +--------+--------+--------+--------+--------+-----+--------+

Top non-repeatable levels by time:
  Lair:1: 2303 daAuts
  Lair:3: 1867 daAuts
     D:5: 1508 daAuts
     D:8: 1485 daAuts
  Lair:2: 1447 daAuts
     D:6: 1326 daAuts
     D:4: 1245 daAuts
     D:3: 1211 daAuts
     D:7: 1141 daAuts
     D:1: 969 daAuts
     D:9: 969 daAuts
     D:2: 823 daAuts
    D:10: 749 daAuts
 Ossuary: 662 daAuts
  Lair:4: 111 daAuts
